 Seeded DCSS version 0.29.1-15-g9cfb28693d (webtiles) character file.

Game seed: 11851575853161599096 (custom seed)

7626 Sanktem7 the Cleaver (level 11, 59/86 HPs)
             Began as a Formicid Fighter on Mar 19, 2023.
             Was a High Priest of Okawaru.
             Quit the game on level 9 of the Dungeon.
             The game lasted 00:10:07 (7688 turns).

Sanktem7 the Cleaver (Formicid Fighter)             Turns: 7688, Time: 00:10:08

Health: 59/86      AC: 30    Str: 25    XL:     11   Next: 40%
Magic:  14/14      EV: 11    Int: 12    God:    Okawaru [*****.]
Gold:   557        SH: 11    Dex: 13    Spells: 10/10 levels left

rFire   . . .      SeeInvis +   a - +2 executioner's axe (vorpal) {axerare=g}
rCold   . . .      Faith    .   c - +0 buckler
rNeg    . . .      Spirit   .   w - +15 Maxwell's patent armour {-Cast -Tele rElec Will+ rCorr}
rPois   .          Reflect  +   (helmet unavailable)
rElec   +          Harm     .   x - +0 cloak
rCorr   +          Rampage  .   (no gloves)
Will    ++...      NoCast   +   (no boots)
Stlth   ..........              Q - amulet "Kisy" {Reflect Int+4 SH+5}
HPRegen 0.24/turn               j - +4 ring of evasion
MPRegen 0.14/turn               q - +4 ring of slaying

@: studying Armour
A: permanent stasis, dig shafts and tunnels, antennae 3, four strong arms
a: Dig, Shaft Self, Renounce Religion, Heroism, Finesse, Duel


You were on level 9 of the Dungeon.
You worshipped Okawaru.
Okawaru was extremely pleased with you.
You visited 1 branch of the dungeon, and saw 9 of its levels.

You collected 661 gold pieces.
You spent 104 gold pieces at shops.


Innate Abilities, Weirdness & Mutations

You cannot be hasted, slowed, berserked, paralysed or teleported.
You can dig through walls and to a lower floor.
You have a pair of large antennae on your head. (SInv)
Your four strong arms can wield two-handed weapons with a shield.


   Skills:
 + Level 8.0 Fighting
 * Level 9.8 Axes
 + Level 6.5 Throwing
 + Level 8.8 Armour
 + Level 9.7 Shields
 - Level 5.0 Invocations


You had 10 spell levels left.
You didn't know any spells.
Your spell library contained the following spells:

 Spells                   Type           Power      Damage    Failure   Level
 Shock                    Conj/Air       0%         1d3       99%         1
 Static Discharge         Conj/Air       0%         3-3/arc   100%        2
 Airstrike                Air            0%         2d(0-16)  100%        4
 Alistair's Intoxication  Tmut/Pois      0%         N/A       100%        5
 Borgnjor's Vile Clutch   Necr/Erth      0%         N/A       100%        5
 Iskenderun's Battlesphe  Conj           0%         2d6       100%        5
 Lightning Bolt           Conj/Air       0%         1d11      100%        5
 Eringya's Noxious Bog    Tmut/Pois      0%         N/A       100%        6
 Iron Shot                Conj/Erth      0%         9d1       100%        6
 Maxwell's Capacitive Co  Air            0%         ∞         100%        8
 Swiftness                Air            Unusable   N/A       N/A         3
 Spellforged Servitor     Conj/Summ      Unusable   N/A       N/A         7

Inventory:

Hand Weapons
 a - a +2 vorpal executioner's axe (weapon) {axerare=g}
   (You acquired it on level 8 of the Dungeon)
 r - a +5 broad axe of venom {axe}
   (Okawaru gifted it to you on level 9 of the Dungeon)
 u - a +1 whip of flaming {mace}
   (You took it off a gnoll bouda on level 8 of the Dungeon)
Missiles
 h - 5 boomerangs (quivered) {throwing}
 k - 7 poisoned darts {throwing}
 l - 12 stones {throwing}
Armour
 c - a +0 buckler (worn)
 w - the +15 Maxwell's patent armour (worn) {-Cast -Tele rElec Will+ rCorr}
   (You found it on level 3 of the Dungeon)

   rElec:     It insulates you from electricity.
   -Cast:     It prevents spellcasting.
   -Tele:     It prevents most forms of teleportation.
   rCorr:     It protects you from acid and corrosion.
   Will:      It increases your willpower.
 x - a +0 cloak (worn)
   (You took it off Maurice on level 8 of the Dungeon)
Jewellery
 j - a +4 ring of evasion (left hand)
   (You found it on level 2 of the Dungeon)
 q - a +4 ring of slaying (right hand)
   (You found it on level 1 of the Dungeon)
 Q - the amulet "Kisy" (around neck) {Reflect Int+4 SH+5}
   (You found it on level 7 of the Dungeon)

   [amulet of reflection]

   It reflects blocked missile attacks.
   Int:       It affects your intelligence (+4).
   SH:        It affects your SH (+5).
Wands
 z - a wand of paralysis (21)
   (You found it on level 4 of the Dungeon)
 B - a wand of iceblast (12)
   (You took it off Maurice on level 8 of the Dungeon)
 F - a wand of flame (62)
   (You found it on level 6 of the Dungeon)
Scrolls
 i - 6 scrolls of teleportation {@r4}
 n - a scroll of fear
 o - 2 scrolls of poison {unknown}
 p - 3 scrolls of blinking {!r}
 s - 3 scrolls of noise {unknown}
 t - 2 scrolls of enchant armour
 y - a scroll of fog
 L - a scroll of magic mapping {!r}
Potions
 b - 2 potions of magic {unknown}
 d - 2 potions of might
 e - 8 potions of curing {@q1}
 f - 5 potions of haste {@q3}
 g - 5 potions of brilliance {unknown}
 m - 3 potions of mutation {unknown}
 v - 3 potions of flight {unknown}
 A - 2 potions of berserk rage {unknown}
 C - 2 potions of heal wounds {unknown}
 E - a potion of lignification {unknown}
 I - 2 potions of invisibility {unknown}

Dungeon Overview and Level Annotations

Branches:
Dungeon (9/15) Zot: 26437  Temple (0/1) D:5
   Lair: D:8-11         Orc: D:9-12

Altars:
Okawaru
Uskayaw
Wu Jian
Yredelemnul

Shops:
D:4 [   D:5 [ D:7

*
#############.......#.)....8....
#.......#.8.........
#####...#...#'###### #####.
#...#...#....... .....
#...#...#....... #...
#...#...#....... ####...
#...#####...####
.......###...........####
.......†@'......)....#...
#####.####...........#### #
#############


There were no monsters in sight!


Message History

Okawaru accepts your kill.
No target in view!
No target in view!
No target in view!
No target in view!
No target in view!
No target in view!
No target in view!
No target in view!
No target in view!
No target in view!
You open the door.
There is an open door here.
Key pressed, stopping explore.
You now have 557 gold pieces (gained 16).
l - 12 stones {throwing} (gained 3)
F - a wand of flame (53) (gained 5 charges) Key pressed, stopping explore.
F - a wand of flame (62) (gained 9 charges)
There is an open door here.
Key pressed, stopping explore.
You open the door. 2 yaks come into view.
The yak bellows! x2
A yak comes into view.
A yak comes into view.
The yak bellows! x2
A yak comes into view.
There is an open door here.
The yak bellows!
The yak closely misses you.
You hit the yak. You block the yak's attack.
The yak gores you but does no damage.
You slice the yak!! The yak barely misses you.
You barely miss the yak. The yak gores you but does no damage.
You slash the yak! You block the yak's attack.
You barely miss the yak. The yak barely misses you.
You slice the yak!!
You kill the yak!
Okawaru accepts your kill. The yak gores you but does no damage.
You closely miss the yak. You block the yak's attack.
You hit the yak. You block the yak's attack. The yak gores you! 😕 HP[-8]
You take 8 damage, and now have 78/86 hp.
You slice the yak!!
You kill the yak!
Okawaru accepts your kill.
Your Fighting skill increases to level 8! 😕 HP[+1]
You slice the yak!! The yak gores you! You block the yak's attack. 😕 HP[-8]
You take 8 damage, and now have 71/86 hp.
You slice the yak!!
You kill the yak!
Okawaru accepts your kill. Okawaru grants you a weapon!
Something appears at your feet!
You see here a +5 broad axe of venom.
You slice the yak!!
The yak gores you but does no damage. 😕 HP[+1]
You barely miss the yak. You block the yak's attack.
The yak gores you! 😮 HP[-11]
You take 11 damage, and now have 61/86 hp.
You are too injured to fight recklessly!
You are too injured to fight recklessly!
You are too injured to fight recklessly!
You are too injured to fight recklessly!
You are too injured to fight recklessly!
You are too injured to fight recklessly!
You are too injured to fight recklessly!
You are too injured to fight recklessly!
You are too injured to fight recklessly!
You are too injured to fight recklessly!
You are too injured to fight recklessly!
You are too injured to fight recklessly!
You are too injured to fight recklessly!
You are too injured to fight recklessly!
You are too injured to fight recklessly!
You are too injured to fight recklessly!
You are too injured to fight recklessly!
You are too injured to fight recklessly!
You are too injured to fight recklessly!
You are too injured to fight recklessly!
Unknown command.
You cut the yak into ribbons!!!
You kill the yak!
Okawaru accepts your kill.
You hit the yak. You block the yak's attack. The yak gores you. 😮 HP[-4]
You take 4 damage, and now have 57/86 hp.
You barely miss the yak. You block the yak's attack.
You slice the yak!! You block the yak's attack. x2 😮 HP[+1]
You slice the yak!!
You kill the yak!
Okawaru accepts your kill.
You see here a yak corpse.
r - a +5 broad axe of venom {axe} 😮 HP[+1] Are you sure you want to abandon this character and quit the game? (Confirm with "yes".)

Skill      XL: |  1  2  3  4  5  6  7  8  9 10 11 |
---------------+----------------------------------+-----
Throwing       | 1 2 3 4 5 6 |  6.5
Axes           | 3 4 5 6 7 9 |  9.8
Fighting       | 4 5 6 7 8 |  8.0
Armour         | 4 5 6 7 8 |  8.8
Shields        | 5 6 7 9 |  9.7
Invocations    | 1 3 5 |  5.0

Action                   |  1- 3 |  4- 6 |  7- 9 | 10-12 || total
-------------------------+-------+-------+-------+-------++-------
Melee: War axe           |    39 |       |       |     7 ||    46
       Battleaxe         |    33 |    99 |   186 |    60 ||   378
       Executioner's axe |       |       |       |    55 ||    55
Throw: Boomerang         |       |       |       |     5 ||     5
  Use: Scroll            |       |       |       |     9 ||     9
Armor: Scale mail        |    27 |    26 |       |       ||    53
       Plate armour      |       |    46 |   121 |    70 ||   237
Dodge: Dodged            |    56 |    48 |    99 |    50 ||   253
Block: Buckler           |    19 |    30 |    65 |    74 ||   188
       Reflection        |       |       |       |     5 ||     5

Levels and vault maps discovered:
D:1:      lightli_iron_boxes, layout_basic
D:2:      layout_rooms, shapermc_ecumenical_altar_flowoftime
D:3:      layout_basic, uniq_natasha
D:4:      layout_rooms, serial_shops, nicolae_take_the_stairs,
          uniq_blork_the_orc
D:5:      layout_basic, minmay_temple_entry_stoned_glass, serial_shops,
          nicolae_lakefront_shop, grunt_ministairs_2,
          minmay_misc_feat_more_columns, kennysheep_generic_room_15
D:6:      layout_basic, serial_rivers, chequers_serial_rivers_small_a,
          chequers_serial_rivers_micro_c, chequers_serial_rivers_micro_d,
          chequers_serial_rivers_micro_b, chequers_serial_rivers_small_a
D:7:      layout_basic, chequers_temple_overflow_statue_of_worship,
          serial_shops, shop_statue, hellmonk_ghost_happy_afterlife,
          uniq_duvessa, uniq_joseph
D:8:      layout_loops_ring, amcnicky_altar_gilded, guppyfry_early_elven_hall,
          uniq_maurice
D:9:      kennysheep_blocky_room, layout_long_grid, erik_lair_orcish_takeover

Notes
Turn   | Place    | Note
-------+----------+-------------------------------------------
     0 | D:1      | Sanktem7 the Formicid Fighter began the quest for the Orb.
     0 | D:1      | Reached XP level 1. HP: 18/18 MP: 1/1
     0 | D:1      | magus.rc [v1.9.6]
    10 | D:1      | You fall into a shaft and drop 1 floor!
   138 | D:2      | Reached XP level 2. HP: 24/24 MP: 2/2
   269 | D:2      | Found a faded altar of an unknown god.
   469 | D:2      | Reached XP level 3. HP: 27/29 MP: 3/3
   671 | D:1      | Reached skill level 1 in Throwing
   944 | D:1      | Reached XP level 4. HP: 32/36 MP: 4/4
  1175 | D:1      | You pick up a book of Power and begin reading...
  1175 | D:1      | You add the spells Iskenderun's Battlesphere, Iron Shot and
                  | Spellforged Servitor to your library.
  1236 | D:1      | Reached skill level 3 in Axes
  1575 | D:3      | You pick up a book of Air and begin reading...
  1575 | D:3      | You add the spells Shock and Airstrike to your library.
  1622 | D:3      | Found the +15 Maxwell's patent armour {-Cast -Tele rElec
                  | Will+ rCorr}
  1710 | D:3      | Noticed Natasha
  1713 | D:3      | Killed Natasha
  1714 | D:3      | Reached XP level 5. HP: 42/42 MP: 5/5
  2055 | D:4      | Noticed Blork the orc
  2063 | D:4      | Reached skill level 4 in Fighting
  2063 | D:4      | Reached skill level 4 in Armour
  2064 | D:4      | Killed Blork the orc
  2065 | D:4      | Reached skill level 4 in Axes
  2065 | D:4      | Reached skill level 2 in Throwing
  2065 | D:4      | Reached skill level 5 in Shields
  2065 | D:4      | Reached XP level 6. HP: 41/48 MP: 6/6
  2211 | D:4      | Found Kagucra's Armour Boutique.
  2465 | D:5      | Entered Level 5 of the Dungeon
  2543 | D:5      | Found a staircase to the Ecumenical Temple.
  2550 | D:5      | Reached XP level 7. HP: 55/55 MP: 7/7
  2966 | D:5      | Found Ozadgha's Antique Armour Boutique.
  3069 | D:5      | Reached skill level 5 in Axes
  3099 | D:5      | Reached skill level 3 in Throwing
  3115 | D:5      | Reached XP level 8. HP: 38/61 MP: 8/8
  3464 | D:5      | You add the spells Alistair's Intoxication, Borgnjor's Vile
                  | Clutch and Eringya's Noxious Bog to your library.
  3890 | D:6      | You pick up a book of Lightning and begin reading...
  3890 | D:6      | You add the spells Static Discharge, Lightning Bolt and
                  | Maxwell's Capacitive Coupling to your library.
  4059 | D:6      | Reached skill level 5 in Fighting
  4059 | D:6      | Reached skill level 5 in Armour
  4059 | D:6      | Reached skill level 6 in Shields
  4726 | D:7      | Found an iron altar of Okawaru.
  4727 | D:7      | Found an ornate altar of the Wu Jian Council.
  4728 | D:7      | Found a hide-covered altar of Uskayaw.
  4733 | D:7      | Became a worshipper of Warmaster Okawaru
  4747 | D:7      | Noticed Duvessa
  4747 | D:7      | Noticed Dowan
  4753 | D:7      | Killed Duvessa
  4754 | D:7      | Reached skill level 6 in Axes
  4756 | D:7      | Killed Dowan
  4846 | D:7      | Reached skill level 1 in Invocations
  4909 | D:7      | Reached * piety under Okawaru
  4910 | D:7      | Reached skill level 4 in Throwing
  4910 | D:7      | Reached XP level 9. HP: 68/68 MP: 8/10
  4975 | D:7      | Reached skill level 7 in Shields
  4975 | D:7      | Reached skill level 2 in Invocations
  4991 | D:7      | Found Cyud's General Store.
  4997 | D:7      | Identified the +1 scale mail of Varoxzih {+Blink Int+5}
  5002 | D:7      | Bought 2 potions of curing for 78 gold pieces
  5002 | D:7      | Bought a scroll of identify for 26 gold pieces
  5203 | D:7      | Noticed Joseph
  5214 | D:7      | Killed Joseph
  5215 | D:7      | Reached skill level 6 in Fighting
  5215 | D:7      | Reached skill level 7 in Axes
  5215 | D:7      | Reached skill level 6 in Armour
  5266 | D:7      | Identified the amulet "Kisy" {Reflect Int+4 SH+5}
  5423 | D:7      | Noticed Calibrex's ghost (novice TrFi)
  5428 | D:7      | Found a runed translucent door.
  5710 | D:7      | Killed Calibrex's ghost
  5710 | D:7      | Reached ** piety under Okawaru
  5711 | D:7      | Reached skill level 3 in Invocations
  5786 | D:8      | Found a basalt altar of Yredelemnul.
  5923 | D:8      | Noticed Maurice
  5941 | D:8      | Killed Maurice
  5942 | D:8      | Reached skill level 5 in Throwing
  5942 | D:8      | Reached XP level 10. HP: 58/77 MP: 12/12
  5955 | D:8      | Reached *** piety under Okawaru
  5956 | D:8      | Reached skill level 8 in Shields
  5956 | D:8      | Reached skill level 4 in Invocations
  6102 | D:8      | Reached skill level 8 in Axes
  6130 | D:8      | Reached skill level 7 in Fighting
  6135 | D:8      | Reached skill level 7 in Armour
  6265 | D:8      | Reached **** piety under Okawaru
  6585 | D:8      | Noticed a deep elf pyromancer
  6593 | D:8      | Killed a deep elf pyromancer
  6594 | D:8      | Reached skill level 5 in Invocations
  6722 | D:8      | Identified 2 scrolls of acquirement
  6722 | D:8      | Acquired a manual of Armour
  6724 | D:8      | Acquired a +1 vorpal executioner's axe
  6725 | D:8      | a - a +1 vorpal executioner's axe {axerare=g}
  6726 | D:8      | a - a +1 vorpal executioner's axe (weapon) {axerare=g}
  7059 | D:7      | your +1 vorpal executioner's axe {axerare=g} glows red for
                  | a moment.
  7163 | D:9      | Reached skill level 9 in Shields
  7297 | D:9      | Reached skill level 9 in Axes
  7297 | D:9      | Reached skill level 6 in Throwing
  7297 | D:9      | Reached XP level 11. HP: 84/84 MP: 14/14
  7396 | D:9      | Reached ***** piety under Okawaru
  7399 | D:9      | Noticed a wizard
  7414 | D:9      | Noticed a manticore
  7415 | D:9      | Killed a wizard
  7416 | D:9      | Reached skill level 8 in Armour
  7424 | D:9      | Killed a manticore
  7676 | D:9      | Reached skill level 8 in Fighting
  7677 | D:9      | Received a gift from Okawaru
  7688 | D:9      | Quit the game

Vanquished Creatures
  The ghost of Calibrex the Grappler, a novice TrFi of Wu Jian (D:7)
  A wizard (D:9)
  A deep elf pyromancer (D:8)
  A manticore (D:9)
  Maurice (D:8)
  Joseph (D:7)
  A wraith (D:9)
  2 wyverns
  15 yaks
  Duvessa (D:7)
  A sky beast (D:7)
  An orc warrior (D:9)
  3 centaurs
  3 ogres
  3 kobold brigands
  Blork the orc (D:4)
  4 bullfrogs
  A necrophage (D:6)
  2 scorpions
  5 wights (D:8)
  Dowan (D:7)
  4 howler monkeys
  3 jellies
  An orc priest (D:5)
  4 hounds
  2 gnoll boudas
  4 orc wizards
  2 iguanas (D:5)
  Natasha (D:3)
  5 adders
  9 gnolls
  A shadow imp (D:7)
  2 white imps
  3 dart slugs
  24 orcs
  7 bats
  9 endoplasms
  4 giant cockroaches
  9 goblins
  6 hobgoblins
  7 jackals
  14 kobolds
  4 quokkas
  8 ball pythons
  2 frilled lizards
185 creatures vanquished.

Table legend:
 A = Non-vault XP
 B = Vault XP
 C = Vault XP percentage of total XP
 D = Non-vault monster count
 E = Vault monster count
 F = Vault count percentage of total count
                 A         B        C        D         E       F
            +---------+---------+-------+---------+---------+-------
      Total |    6285 |    4610 |  42.3 |     165 |      20 |  10.8
            +---------+---------+-------+---------+---------+-------
        D:1 |      64 |       0 |   0.0 |      26 |       0 |   0.0
        D:2 |      32 |       0 |   0.0 |      17 |       0 |   0.0
        D:3 |      22 |      35 |  61.4 |      10 |       1 |   9.1
        D:4 |     152 |      91 |  37.4 |      24 |       1 |   4.0
        D:5 |     582 |      59 |   9.2 |      17 |       4 |  19.0
        D:6 |     493 |       0 |   0.0 |      15 |       0 |   0.0
        D:7 |     825 |    1392 |  62.8 |      24 |       4 |  14.3
        D:8 |    2048 |     983 |  32.4 |      22 |       2 |   8.3
        D:9 |    2067 |    2050 |  49.8 |      10 |       8 |  44.4
            +---------+---------+-------+---------+---------+-------

Illustrated notes

Table legend:
 A = Kills in this place as a percentage of kills in entire the game.
 B = Kills by you in this place as a percentage of kills by you in the entire game.
 C = Kills by friends in this place as a percentage of kills by friends in the entire game.
 D = Other kills in this place as a percentage of other kills in the entire game.
 E = Experience gained in this place as a percentage of experience gained in the entire game.
 F = Experience gained in this place divided by the number of levels of this place that you have seen.
                   A       B       C       D       E      F
               +-------+-------+-------+-------+-------+----------------------
         Total | 100.0 | 100.0 |   N/A |   N/A | 100.0 | 1210.6
       Dungeon | 100.0 | 100.0 |   N/A |   N/A | 100.0 | 1210.6
               +-------+-------+-------+-------+-------+----------------------

Table legend: (Time is in decaauts)
 A = Elapsed time spent in this place.
 B = Non-inter-level travel time spent in this place.
 C = Inter-level travel time spent in this place.
 D = Time resting spent in this place.
 E = Time spent auto-exploring this place.
 F = Levels seen in this place.
 G = Mean time per level.
                   A        B        C        D        E       F      G
               +--------+--------+--------+--------+--------+-----+--------+
         Total |   7909 |   7304 |    605 |      0 |   5959 |   9 |  878.8 |
       Dungeon |   7909 |   7304 |    605 |      0 |   5959 |   9 |  878.8 |
               +--------+--------+--------+--------+--------+-----+--------+

Top non-repeatable levels by time:
     D:5: 1395 daAuts
     D:7: 1239 daAuts
     D:8: 1061 daAuts
     D:6: 932 daAuts
     D:1: 775 daAuts
     D:3: 703 daAuts
     D:2: 680 daAuts
     D:9: 562 daAuts
     D:4: 558 daAuts
